 Dungeon Crawl Stone Soup version 0.18.1-50-g88ac8fd (webtiles) character file.

1671 Naarciss the Chopper (level 9, -2/78 HPs)
             Began as a Hill Orc Fighter on Oct 1, 2016.
             Was an Initiate of Okawaru.
             Killed from afar by an ice statue (10 damage)
             ... with a bolt of cold
             ... on level 7 of the Dungeon.
             The game lasted 00:28:57 (6341 turns).

Naarciss the Chopper (Hill Orc Fighter)             Turns: 6341, Time: 00:28:57

Health: -2/78      AC: 16    Str: 19    XL:     9   Next: 1%
Magic:  9/9        EV:  7    Int:  8    God:    Okawaru [......]
Gold:   38         SH: 10    Dex: 13    Spells: 1 memorised, 8 levels left

rFire  . . .     SeeInvis .     a - +1 war axe
rCold  . . .     Gourm    .     u - +4 chain mail
rNeg   . . .     Faith    .     c - +0 shield
rPois  .         Spirit   .     (no helmet)
rElec  .         Dismiss  .     t - +0 cloak
rCorr  .         Reflect  .     (no gloves)
SustAt .         Harm     .     i - +0 pair of boots
MR     .....                    (no amulet)
Stlth  ..........               l - ring of flight
                                k - ring of stealth

@: not resistant to hostile enchantments, extremely unstealthy
A: no striking features
a: Renounce Religion, Evoke Flight


You were on level 7 of the Dungeon.
You worshipped Okawaru.
Okawaru was noncommittal.
You were not hungry.

You visited 2 branches of the dungeon, and saw 8 of its levels.

You collected 420 gold pieces.
You spent 382 gold pieces at shops.

Inventory:

Hand Weapons
 a - a +1 war axe (weapon)
Armour
 c - a +0 shield (worn)
 i - a +0 pair of boots (worn)
 t - a +0 cloak (worn)
 u - a +4 chain mail (worn)
Jewellery
 k - a ring of stealth (left hand)
 l - a ring of flight (right hand)
Wands
 p - a wand of lightning (8/15)
 w - a wand of teleportation (5/9)
Scrolls
 g - a scroll of fog
 m - 4 scrolls of remove curse
 v - a scroll of magic mapping
 y - a scroll of summoning {unknown}
 B - a scroll of identify
 C - a scroll of amnesia
Potions
 d - a potion of resistance {unknown}
 e - 2 potions of haste
 h - a potion of brilliance {unknown}
 j - 3 potions of curing
 o - 2 potions of flight {unknown}
 q - a potion of mutation {unknown}
 r - 2 potions of degeneration {unknown}
 s - 2 potions of agility {unknown}
 x - a potion of berserk rage {unknown}
Books
 b - a book of Battle

   Spells                             Type                      Level
   a - Infusion                       Charms                       1
   b - Shroud of Golubria             Charms/Translocation         2
   c - Song of Slaying                Charms                       2
   d - Spectral Weapon                Hexes/Charms                 3
   e - Regeneration                   Charms/Necromancy            3
Miscellaneous
 A - a plain deck of war {drawn: 2}
Comestibles
 f - 7 bread rations
 n - 2 meat rations
 z - a royal jelly


   Skills:
 + Level 6.5 Fighting
 + Level 6.9 Axes
 + Level 6.5 Armour
 + Level 3.0 Dodging
 + Level 0.8 Stealth
 + Level 6.8 Shields
 + Level 0.5 Spellcasting
 + Level 0.8 Charms
 + Level 0.4 Evocations


You had 8 spell levels left.
You knew the following spells:

 Your Spells              Type           Power        Failure   Level  Hunger
a - Infusion              Chrm           #...         100%        1    ##.....


Dungeon Overview and Level Annotations

Branches:
Dungeon (7/15)             Temple (1/1) D:4

Altars:
Ashenzari
Cheibriados
Dithmenos
Elyvilon
Fedhas
Gozag
Kikubaaqudgha
Makhleb
Nemelex Xobeh
Okawaru
Pakellas
Ru
Sif Muna
Vehumet
Xom
Yredelemnul
Zin
Lugonu

Shops:
D:4 *   D:6 *

Annotations:
D:7 exclusion: ice statue


Message History

The ice beast hits you but does no damage.
You block the ice beast's attack. The ice beast closely misses you.
You slash the ice beast!
The ice beast is severely wounded.
You hit the ice beast.
The ice beast is lightly wounded.
You are engulfed in freezing vapours.
The ice beast barely misses you. You block the ice beast's attack.
You closely miss the ice beast.
The ice beast is severely wounded.
You hit the ice beast but do no damage.
The ice beast is lightly wounded.
You are engulfed in freezing vapours.
* * * LOW HITPOINT WARNING * * *
The ice beast barely misses you.
The ice beast hits you but does no damage.
The ice statue gestures at you.
The bolt of cold hits the ice beast.
The ice beast completely resists.
The bolt of cold hits you!
You die...

#.# #.#
#.# #.#
###.###
#⌠...⌠#
#.....#
#.§...#
#..§@§#
#..YY§#
#..§§§#
#≈≈§≈≈#
#≈≈8Y≈#
#≈≈≈≈≈#
#.....#
#.....#


You could see an ice statue and 3 ice beasts.

Vanquished Creatures
  Menkaure (D:4)
  A sky beast (D:7)
  2 phantoms (D:4)
  3 ogres
  A centaur (D:6)
  4 scorpions
  2 howler monkeys
  A centaur zombie (D:7)
  A jelly (D:6)
  An orc priest (D:4)
  A hound (D:4)
  5 orc wizards
  A giant frog skeleton (D:7)
  An iguana (D:7)
  2 worker ants (D:4)
  A hound skeleton (D:4)
  A hound zombie (D:5)
  A worker ant zombie (D:5)
  11 adders
  6 gnolls (D:2)
  2 worms (D:2)
  2 dart slugs (D:1)
  4 giant geckos
  14 orcs
  8 giant cockroaches
  9 goblins
  7 hobgoblins
  8 jackals
  4 quokkas (D:4)
  2 ball pythons
  7 bats
  6 giant newts
  10 kobolds
  A quokka skeleton (D:4)
  8 rats
139 creatures vanquished.

Vanquished Creatures (others)
  A quokka skeleton (D:4)
  A plant (D:3)
2 creatures vanquished.

Grand Total: 141 creatures vanquished

Notes
Turn   | Place    | Note
--------------------------------------------------------------
     0 | D:1      | Naarciss the Hill Orc Fighter began the quest for the Orb.
     0 | D:1      | Reached XP level 1. HP: 19/19 MP: 1/1
    90 | D:1      | Reached XP level 2. HP: 27/27 MP: 2/2
   322 | D:1      | Reached XP level 3. HP: 33/33 MP: 3/3
   725 | D:2      | Reached XP level 4. HP: 39/40 MP: 4/4
   887 | D:2      | Found a sparkling altar of Nemelex Xobeh.
  1006 | D:2      | Reached skill level 1 in Dodging
  1006 | D:2      | Reached XP level 5. HP: 29/47 MP: 5/5
  1179 | D:2      | Found a deep blue altar of Sif Muna.
  2163 | D:3      | Found a snail-covered altar of Cheibriados.
  2631 | D:4      | Noticed a phantom
  2679 | D:4      | Killed a phantom
  2679 | D:4      | Reached XP level 6. HP: 22/53 MP: 6/6
  2785 | D:4      | Noticed a phantom
  2835 | D:4      | Killed a phantom
  2835 | D:4      | Reached skill level 5 in Shields
  2961 | D:4      | Reached skill level 5 in Fighting
  2967 | D:4      | Reached XP level 7. HP: 42/61 MP: 7/7
  3137 | D:4      | Noticed Menkaure
  3149 | D:4      | Killed Menkaure
  3149 | D:4      | Reached skill level 5 in Axes
  3149 | D:4      | Reached skill level 5 in Armour
  3404 | D:4      | Found Zin's Purification Station.
  3407 | D:4      | Found a glowing silver altar of Zin.
  3569 | D:4      | Found a staircase to the Ecumenical Temple.
  3622 | D:5      | Entered Level 5 of the Dungeon
  3667 | Temple   | Entered the Ecumenical Temple
  4524 | D:4      | Reached XP level 8. HP: 52/69 MP: 8/8
  4617 | D:4      | Identified a -2 rod of inaccuracy (10/10) (You found it on level 4 of the Dungeon)
  5424 | D:6      | Learned a level 1 spell: Infusion
  5725 | D:6      | Found Nietta's General Store.
  5734 | D:6      | Bought a +0 buckler of protection for 172 gold pieces
  5831 | D:6      | Found an iron altar of Okawaru.
  5831 | D:6      | Found an ancient bone altar of Kikubaaqudgha.
  5835 | D:6      | Became a worshipper of Warmaster Okawaru
  5871 | D:6      | Found an oddly glowing altar of Pakellas.
  5871 | D:6      | Found a blossoming altar of Fedhas.
  6059 | D:6      | Bought a plain deck of war for 210 gold pieces
  6247 | D:7      | Reached XP level 9. HP: 74/78 MP: 9/9
  6314 | D:7      | Noticed an ice statue
  6341 | D:7      | Killed from afar by an ice statue

Skill      XL: |  1  2  3  4  5  6  7  8 |
---------------+-------------------------+-----
Shields        | 4 5 6 |  6.8
Fighting       | 4 5 6 |  6.5
Axes           | 3 4 5 6 |  6.9
Armour         | 4 5 6 |  6.5
Dodging        | 1 2 3 |  3.0
Stealth        | |  0.8
Spellcasting   | |  0.5
Charms         | |  0.8
Evocations     | |  0.4

Action                   |  1- 3 |  4- 6 |  7- 9 || total
-------------------------+-------+-------+-------++-------
Melee: War axe           |    95 |   165 |   236 ||   496
 Abil: Evoke Flight      |       |       |     2 ||     2
Evoke: Deck              |       |       |     2 ||     2
  Use: Scroll            |     4 |     6 |     6 ||    16
       Potion            |       |     1 |     1 ||     2
  Eat: Beef jerky        |       |     2 |     1 ||     3
       Bread ration      |       |     1 |       ||     1
       Meat ration       |       |       |     2 ||     2
       Royal jelly       |       |       |     1 ||     1
Armor: Scale mail        |    53 |    58 |       ||   111
       Chain mail        |       |       |   145 ||   145
Dodge: Dodged            |    38 |    64 |    58 ||   160
Block: Shield            |    65 |    76 |   131 ||   272
